 Dungeon Crawl Stone Soup version 0.28-a0-1505-g8c907de6ad (console) character file.

Game seed: 13169881272514818716

2 casual the Insei (level 1, 0/13 HPs)
             Began as an Octopode Transmuter on Jan 13, 2022.
             Slain by a bat (1 damage)
             ... on level 1 of the Dungeon.
             The game lasted 00:00:30 (137 turns).

casual the Insei (Octopode Transmuter)               Turns: 137, Time: 00:00:30

Health: 0/13       AC:  1    Str:  9    XL:     1   Next: 40%
Magic:  3/3        EV: 13    Int: 15    God:
Gold:   33         SH:  0    Dex: 12    Spells: 3/4 levels left

rFire   . . .      SeeInvis .     - Unarmed
rCold   . . .      Faith    .   (no shield)
rNeg    . . .      Spirit   .   (helmet restricted)
rPois   .          Reflect  .   (no amulet)
rElec   .          Harm     .   (no ring)
rCorr   .          Rampage  .   (no ring)
Will    .....                   (no ring)
Stlth   ++........              (no ring)
HPRegen 0.04/turn               (no ring)
MPRegen 0.08/turn               (no ring)
                                (no ring)
                                (no ring)

@: no status effects
A: almost no armour, amphibious, 8 rings, camouflage 1, gelatinous body 1,
(nimble swimmer 1), tentacles
a: no special abilities


You were on level 1 of the Dungeon.
You visited 1 branch of the dungeon, and saw 1 of its levels.

You collected 33 gold pieces.

Inventory:

Scrolls
 a - a scroll of fear {unknown}
 c - a scroll of vulnerability {unknown}
Potions
 b - a potion of brilliance {unknown}


   Skills:
 - Level 1.0 Fighting
 - Level 2.0 Dodging
 - Level 3.0 Unarmed Combat
 - Level 2.0 Spellcasting
 + Level 2.2 Transmutations


You had 3 spell levels left.
You knew the following spells:

 Your Spells              Type           Power      Damage    Failure   Level
a - Beastly Appendage     Tmut           16%        N/A       9%          1

Your spell library contained the following spells:

 Spells                   Type           Power      Damage    Failure   Level
 Wereblood                Tmut           8%         N/A       13%         2
 Spider Form              Tmut/Pois      4%         N/A       38%         3
 Ice Form                 Ice/Tmut       4%         N/A       80%         4


Dungeon Overview and Level Annotations

Branches:
Dungeon (1/15)

Altars:


Innate Abilities, Weirdness & Mutations

You cannot wear most types of armour.
You are amphibious.
You can wear up to eight rings at the same time.
Your skin changes colour to match your surroundings (Stealth+).
Your rubbery body absorbs attacks. (AC +1, EV +1)
((You are camouflaged when in or above water. (Stealth+)))
You have tentacles for arms and can constrict up to eight enemies at once.


Message History

You pierce the giant cockroach.
The giant cockroach is almost dead.
You constrict the giant cockroach, but do no damage.
The bat hits you but does no damage. The giant cockroach barely misses you.
You tentacle-slap the giant cockroach.
You kill the giant cockroach!
The bat hits you but does no damage. The bat hits you.
You take 1 damage, and have 7/13 hp.
Your tentacle spike disappears.
The bat hits you.
You take 1 damage, and have 6/13 hp.
The bat hits you.
You take 1 damage, and have 5/13 hp.
You tentacle-slap the bat. Your grab misses the bat.
The bat is severely wounded.
The bat hits you but does no damage. The bat barely misses you.
The bat hits you.
You take 1 damage, and have 4/13 hp.
You closely miss the bat. Your grab misses the bat.
The bat is severely wounded.
The bat barely misses you. The bat hits you.
* * * LOW HITPOINT WARNING * * *
The bat completely misses you. The bat barely misses you.
You take 1 damage, and have 3/13 hp.
The bat misses you. The bat hits you.
* * * LOW HITPOINT WARNING * * *
You take 1 damage, and have 2/13 hp.
You closely miss the bat. Your grab misses the bat.
The bat is severely wounded.
The bat hits you but does no damage. The bat closely misses you.
The bat misses you. The bat hits you.
* * * LOW HITPOINT WARNING * * *
You take 1 damage, and have 1/13 hp.
You miss the bat. Your grab misses the bat.
Your tentacle-slap misses the bat.
The bat is severely wounded.
The bat hits you.
You die...

█.█.█.█. ....█.......
..█.███.█.█ ...........
..██ ██.██ ..........█
...███.█.█
...?......███████..█.█ █.
.........██.....█...███ █
....?....██.....█......██
.........██.....█.█.██.██
.......b@................
.........██.....███.██..█
.........██.....█ █.███..
.........██.....█ █.█ █.█
.........████████ █.█ █..
.........█ █.█ █..
.........█ █.█ █..
███████████████████.███.█
█..............


You could see a bat.

Vanquished Creatures
  A giant cockroach (D:1)
  A bat (D:1)
  A frilled lizard (D:1)
3 creatures vanquished.

Notes
Turn   | Place    | Note
-------+----------+-------------------------------------------
     0 | D:1      | casual the Octopode Transmuter began the quest for the Orb.
     0 | D:1      | Reached XP level 1. HP: 13/13 MP: 3/3
   137 | D:1      | Slain by a bat

Illustrated notes

Levels and vault maps discovered:
D:1:      minmay_arrival_diagonal_passages, layout_basic

Action                   || total
-------------------------++-------
Melee: Unarmed           ||    10
       Kick              ||     3
       Constrict         ||     2
 Cast: Beastly Appendage ||     1
Armor: Skin              ||     6
Dodge: Dodged            ||    16

Table legend: (Time is in decaauts)
 A = Elapsed time spent in this place.
 B = Non-inter-level travel time spent in this place.
 C = Inter-level travel time spent in this place.
 D = Time resting spent in this place.
 E = Time spent auto-exploring this place.
 F = Levels seen in this place.
 G = Mean time per level.
                   A        B        C        D        E       F      G
               +--------+--------+--------+--------+--------+-----+--------+
         Total |    136 |    136 |      0 |      0 |    103 |   1 |  136.0 |
       Dungeon |    136 |    136 |      0 |      0 |    103 |   1 |  136.0 |
               +--------+--------+--------+--------+--------+-----+--------+

Top non-repeatable levels by time:
     D:1: 136 daAuts
